 Dungeon Crawl Stone Soup version 0.22.1-6-g1668fe2 (webtiles) character file.

35 Fang the Skirmisher (level 3, -1/36 HPs)
             Began as a Gargoyle Berserker on Feb 7, 2019.
             Was a Believer of Trog.
             Slain by a goblin
             ... wielding a +0 dagger
             ... led by Robin
              (3 damage)
             ... on level 2 of the Dungeon.
             The game lasted 00:01:34 (1317 turns).

Fang the Skirmisher (Gargoyle Berserker)            Turns: 1317, Time: 00:01:35

Health: -1/36      AC:  5    Str: 26    XL:     3   Next: 35%
Magic:  3/3        EV: 12    Int:  7    God:    Trog [**....]
Gold:   82         SH:  0    Dex:  9    Spells: 2/2 levels left

rFire    + . .     SeeInvis .   a - +0 mace
rCold    x . .     Gourm    .   (no shield)
rNeg     + . .     Faith    .   b - +0 animal skin
rPois    ∞         Spirit   .   (no helmet)
rElec    +         Reflect  .   (no cloak)
rCorr    .         Harm     .   (no gloves)
MR       .....                  (no boots)
Stlth    ..........             (no amulet)
HPRegen  0.12/turn              d - ring of fire
MPRegen  0.08/turn              (no ring)

@: berserking (expiring), very quick
A: negative energy resistance 1, electricity resistance, unbreathing,
petrification resistance, rot immunity, AC +3
a: Berserk, Trog's Hand, Renounce Religion


You were on level 2 of the Dungeon.
You worshipped Trog.
Trog was pleased with you.
You were very hungry.

You visited 1 branch of the dungeon, and saw 2 of its levels.

You collected 82 gold pieces.

Inventory:

Hand Weapons
 a - a +0 mace (weapon)
Armour
 b - a +0 animal skin (worn)
Jewellery
 d - a ring of fire (left hand)
 k - a cursed ring of attention {unknown}
Scrolls
 e - a scroll of noise {unknown}
 h - 2 scrolls of teleportation {unknown}
 i - a scroll of amnesia {unknown}
 l - a scroll of identify {unknown}
 m - a scroll of enchant armour {unknown}
 r - a scroll of enchant weapon {unknown}
Potions
 f - a potion of agility {unknown}
 g - 2 potions of lignification {unknown}
 j - 2 potions of haste {unknown}
 o - a potion of degeneration {unknown}
 p - a potion of heal wounds {unknown}
 q - a potion of mutation {unknown}
 s - a potion of curing {unknown}
 t - 2 potions of might {unknown}
Comestibles
 c - 4 rations
 n - 3 chunks of flesh


   Skills:
 + Level 3.7 Fighting
 + Level 3.3 Maces & Flails
 + Level 2.7 Armour
 + Level 2.0 Dodging


You had 2 spell levels left.
You didn't know any spells.
Your spell library was empty.

Dungeon Overview and Level Annotations

Branches:
Dungeon (2/15)

Altars:
Cheibriados

Annotations:
D:2 Robin


Innate Abilities, Weirdness & Mutations

You are resistant to torment.
Your stone body is resilient. (AC +3)
You are immune to poison.
You resist negative energy. (rN+)
You are resistant to electric shocks. (rElec)
You can survive without breathing.
You are immune to petrification.
You are immune to rotting.


Message History

You closely miss the hobgoblin. The goblin hits you.
The hobgoblin barely misses you.
Unknown command.
Unknown command.
You closely miss the hobgoblin.
Robin points. "Kill!"
The hobgoblin hits you.
* * * LOW HITPOINT WARNING * * *
The goblin barely misses you. The goblin hits you but does no damage.
You closely miss the hobgoblin. The hobgoblin hits you with a club.
* * * LOW HITPOINT WARNING * * *
The hobgoblin hits you but does no damage.
The goblin closely misses you.
You sock the hobgoblin!
You kill the hobgoblin!
Trog accepts your kill. The goblin hits you.
* * * LOW HITPOINT WARNING * * *
The goblin hits you with a dagger.
You die...

.......######.####
.......#.........#
.......#.........#
.......#.........#
#####.##.........#
# #.##.........# #
#.##.........# #
#.##.......gg# #
#.##.......g@# #
#.##.......g†# ##
#.########.ggr .#
### #..r.. .#
#...... .#
###.#### .### ...
##.## ... ##..#


You could see Robin, 2 hobgoblins, 3 goblins and 2 rats.

Vanquished Creatures
  A dart slug (D:1)
  A leopard gecko (D:2)
  8 bats
  A giant cockroach (D:2)
  6 goblins
  4 hobgoblins (D:2)
  5 kobolds (D:1)
  A frilled lizard (D:2)
  3 rats
30 creatures vanquished.

Notes
Turn   | Place    | Note
-------+----------+-------------------------------------------
     0 | D:1      | Fang the Gargoyle Berserker began the quest for the Orb.
     0 | D:1      | Reached XP level 1. HP: 14/14 MP: 1/1
    84 | D:1      | Reached XP level 2. HP: 16/19 MP: 2/2
  1089 | D:2      | Found a snail-covered altar of Cheibriados.
  1122 | D:2      | Reached ** piety under Trog
  1234 | D:2      | Reached XP level 3. HP: 21/23 MP: 3/3
  1303 | D:2      | Noticed Robin
  1317 | D:2      | Slain by a goblin

Skill      XL: |  1  2  3 |
---------------+----------+-----
Dodging        | 2 |  2.0
Fighting       | |  3.7
Maces & Flails | |  3.3
Armour         | |  2.7

Action                   || total
-------------------------++-------
Melee: Mace              ||    87
Invok: Berserk           ||     1
  Eat: Chunk             ||     1
Armor: Animal skin       ||    41
Dodge: Dodged            ||    82
